 Dungeon Crawl Stone Soup version 0.20-a0-830-g2c9a30d (webtiles) character file.

901 M4edhros the Chopper (level 7, 0/63 HPs)
             Began as a Minotaur Berserker on Mar 7, 2017.
             Was a Believer of Trog.
             Slain by a hippogriff (3 damage)
             ... on level 7 of the Dungeon.
             The game lasted 00:04:23 (778 turns).

M4edhros the Chopper (Minotaur Berserker)            Turns: 778, Time: 00:04:23

Health: 0/63       AC:  9    Str: 22    XL:     7   Next: 80%
Magic:  6/6        EV: 19    Int:  4    God:    Trog [**....]
Gold:   80         SH:  0    Dex: 16    Spells: 6/6 levels left

rFire    + . .     SeeInvis .   a - +0 hand axe
rCold    . . .     Gourm    .   r - +2 ring mail {rF+}
rNeg     . . .     Faith    .   (no shield)
rPois    .         Spirit   .   (helmet restricted)
rElec    .         Reflect  .   l - +0 cloak
rCorr    .         Harm     .   (no gloves)
MR       .....                  (no boots)
Stlth    ++........             v - amulet of magic regeneration
Regen    0.2/turn               (no ring)
MPRegen  0.2/turn               (no ring)

@: agile, exhausted, flying, slowed, very slow
A: retaliatory headbutt, horns 2
a: Berserk, Trog's Hand, Burn Spellbooks, Renounce Religion


You were on level 7 of the Dungeon.
You worshipped Trog.
Trog was pleased with you.
You were hungry.

You visited 1 branch of the dungeon, and saw 8 of its levels.

You collected 80 gold pieces.

Inventory:

Hand Weapons
 a - a +0 hand axe (weapon)
Missiles
 m - 3 tomahawks (quivered)
 u - 2 poisoned tomahawks
Armour
 b - a +0 animal skin
 l - a +0 cloak (worn)
 n - a +0 ring mail
 p - a +0 chain mail
 r - a +2 ring mail of fire resistance (worn)
Jewellery
 v - an amulet of magic regeneration (around neck)
Wands
 t - a wand of iceblast (9/15)
Scrolls
 g - 2 scrolls of identify {unknown}
 k - a scroll of teleportation {unknown}
 q - 2 scrolls of recharging {unknown}
 s - a scroll of remove curse {unknown}
Potions
 d - 2 potions of agility
 o - 2 potions of might {unknown}
 w - 2 potions of lignification {unknown}
Comestibles
 c - 2 bread rations
 h - 2 royal jellies
 i - 8 chunks of flesh


   Skills:
 + Level 6.3 Fighting
 * Level 7.8 Axes
 + Level 4.4 Armour
 + Level 5.0 Dodging


You had 6 spell levels left.
You didn't know any spells.

Dungeon Overview and Level Annotations

Branches:
Dungeon (8/15)
 Temple: D:4-7         Lair: D:8-11

Altars:
Hepliaklqana

Annotations:
D:8 luab's ghost, novice TrMo


Innate Abilities, Weirdness & Mutations

You reflexively headbutt those who attack you in melee.
You have a pair of horns on your head.


Message History

* * * LOW HITPOINT WARNING * * *
The orc completely misses you. The hippogriff bites you!
* * * LOW HITPOINT WARNING * * *
The hippogriff pecks you.
* * * LOW HITPOINT WARNING * * *
The hippogriff misses you. The orc barely misses you.
Unknown command.
Okay, then.
Evoke which item? (* to show all) (? for menu, Esc to quit)
Okay, then.
You feel better. The orc misses you.
The orc warrior hits you with a battleaxe!
* * * LOW HITPOINT WARNING * * *
The hippogriff completely misses you.
The hippogriff pecks you but does no damage.
The hippogriff barely misses you. The orc completely misses you.
The orc closely misses you. The hippogriff closely misses you.
You furiously retaliate!
You headbutt the hippogriff!! The hippogriff pecks you.
You die...

.........#######
.........## ####
.......(..# ###...
....#####.###...### .
....###.....).#... ..
........#.###...####
..
#...####.........o..
oo .. #........H#
.#### ##
##.<......@##H.....
#.......(.oo.......
#........[...#######.
....##.........#
##..# ########### ###


You could see a hippogriff, an orc warrior and 2 orcs.

Vanquished Creatures
  A hippogriff (D:7)
  Eustachio (D:4)
  An orc warrior (D:7)
  2 ogres
  3 orc priests (D:7)
  5 orc wizards (D:7)
  An iguana (D:4)
  A worker ant (D:7)
  A hound zombie (D:8)
  2 oozes
  2 leopard geckos
  8 orcs (D:7)
  A ball python (D:1)
  A giant cockroach (D:3)
  3 hobgoblins
  A kobold (D:2)
  A quokka (D:4)
  3 bats
  2 frilled lizards
  A giant cockroach zombie (D:6)
  5 goblins (D:1)
  A jackal skeleton (D:4)
  A leopard gecko skeleton (D:4)
  2 rats
50 creatures vanquished.

Notes
Turn   | Place    | Note
-------+----------+-------------------------------------------
     0 | D:1      | M4edhros the Minotaur Berserker began the quest for the Orb.
     0 | D:1      | Reached XP level 1. HP: 19/19 MP: 0/0
   122 | D:1      | Reached XP level 2. HP: 26/27 MP: 1/1
   235 | D:4      | Noticed Eustachio
   240 | D:4      | Noticed a crimson imp
   244 | D:4      | Reached skill level 4 in Axes
   245 | D:4      | Killed Eustachio
   245 | D:4      | Reached skill level 5 in Axes
   245 | D:4      | Reached XP level 3. HP: 30/35 MP: 2/2
   245 | D:4      | Reached XP level 4. HP: 36/41 MP: 3/3
   245 | D:4      | Reached XP level 5. HP: 41/47 MP: 4/4
   339 | D:4      | Reached ** piety under Trog
   339 | D:4      | Reached skill level 5 in Fighting
   405 | D:5      | Entered Level 5 of the Dungeon
   443 | D:5      | Noticed an ogre
   447 | D:5      | Killed an ogre
   447 | D:5      | Reached XP level 6. HP: 56/56 MP: 5/5
   550 | D:7      | Noticed a hippogriff
   559 | D:7      | Killed a hippogriff
   559 | D:7      | Reached skill level 6 in Axes
   577 | D:7      | Found a hazy altar of Hepliaklqana.
   607 | D:7      | Noticed an orc warrior
   622 | D:7      | Killed an orc warrior
   622 | D:7      | Reached XP level 7. HP: 38/62 MP: 6/6
   623 | D:7      | Reached skill level 7 in Axes
   695 | D:7      | Reached skill level 5 in Dodging
   746 | D:8      | Noticed luab's ghost (novice TrMo)
   770 | D:7      | Noticed a hippogriff
   778 | D:7      | HP: 3/63 [orc warrior/battleaxe (11)]
   778 | D:7      | Slain by a hippogriff

Vault maps used:
D:1:      sevenhm_arrival_forest_fort_large_1, minmay_misc_feat_nine_boxes
D:2:      grunt_temple_overflow_magic_moments,
          nicolae_gozag_cash_rules_everything_around_me
D:3:      makhleb_altar_promises_db, first_bread, minmay_liquid_box
D:4:      minmay_misc_feat_iff, eino_small_chamber_without_monster,
          nicolae_tso_carved_into_rock, uniq_eustachio
D:5:      lightli_temple_of_fire, grunt_temple_overflow_open, temple_pool_b
D:7:      lemuel_crystal_altar
D:8:      serial_shops, shop_fountains,
          nicolae_shop_temple_entry_statues_fountains,
          nicolae_shop_behind_doors, nicolae_shop_crystal, uniq_grum

Skill      XL: |  1  2  3  4  5  6  7 |
---------------+----------------------+-----
Fighting       | 4 5 6 |  6.3
Axes           | 5 6 7 |  7.8
Dodging        | 3 4 5 |  5.0
Armour         | 3 4 |  4.4

Action                   |  1- 3 |  4- 6 |  7- 9 || total
-------------------------+-------+-------+-------++-------
Melee: Hand axe          |    30 |    29 |    39 ||    98
       Headbutt          |     5 |     4 |    13 ||    22
Invok: Berserk           |     2 |     4 |     2 ||     8
       Trog's Hand       |       |     1 |     1 ||     2
       Burn Spellbooks   |       |       |     1 ||     1
  Use: Potion            |       |     1 |     7 ||     8
  Eat: Chunk             |       |     3 |     4 ||     7
Armor: Animal skin       |     6 |     2 |       ||     8
       Ring mail         |       |     9 |    20 ||    29
Dodge: Dodged            |    24 |    27 |    66 ||   117
